 Dungeon Crawl Stone Soup version 0.27-a0-633-gc6addc0a40 (webtiles) character file.

Game seed: 8317072310190260870

219 spiderkeys the Grave Robber (level 5, -13/38 HPs)
             Began as a Gnoll Necromancer on Mar 13, 2021.
             Killed from afar by Ijyb (16 damage)
             ... with a bolt of acid
             ... on level 3 of the Dungeon.
             The game lasted 00:03:28 (2778 turns).

spiderkeys the Grave Robber (Gnoll Necromancer)     Turns: 2778, Time: 00:03:29

Health: -13/38     AC:  2    Str:  7    XL:     5   Next: 96%
Magic:  6/12       EV: 13    Int: 22    God:
Gold:   54         SH:  0    Dex: 12    Spells: 5/14 levels left

rFire    . . .     SeeInvis .   f - +0 dagger
rCold    . . .     Faith    .   (no shield)
rNeg     . . .     Spirit   .   a - +0 robe
rPois    .         Reflect  .   (no helmet)
rElec    .         Harm     .   (no cloak)
rCorr    .         Rampage  .   (no gloves)
Will     .....                  (no boots)
Stlth    +++.......             (no amulet)
HPRegen  0.12/turn              b - +6 ring of intelligence
MPRegen  0.13/turn              (no ring)

@: flying
A: fangs 1, strong nose, distributed training
a: no special abilities


You were on level 3 of the Dungeon.
You visited 1 branch of the dungeon, and saw 3 of its levels.

You collected 54 gold pieces.

Inventory:

Hand Weapons
 f - a +0 dagger (weapon)
Missiles
 h - 7 javelins
Armour
 a - a +0 robe (worn)
Jewellery
 b - a +6 ring of intelligence (right hand)
Scrolls
 d - a scroll of magic mapping {unknown}
 e - 3 scrolls of identify {unknown}
 g - a scroll of fog {unknown}
Potions
 c - 2 potions of flight
 i - a potion of cancellation {unknown}
 j - 2 potions of ambrosia {unknown}


   Skills:
 + Level 1.7 Fighting
 + Level 1.7 Short Blades
 + Level 1.7 Long Blades
 + Level 1.7 Axes
 + Level 1.7 Maces & Flails
 + Level 1.7 Polearms
 + Level 1.7 Staves
 + Level 1.7 Slings
 + Level 1.7 Bows
 + Level 1.7 Crossbows
 + Level 1.7 Throwing
 + Level 1.7 Armour
 + Level 4.9 Dodging
 + Level 4.5 Stealth
 + Level 1.7 Shields
 + Level 1.7 Unarmed Combat
 + Level 5.2 Spellcasting
 + Level 1.3 Conjurations
 + Level 1.3 Hexes
 + Level 1.3 Summonings
 + Level 7.2 Necromancy
 + Level 1.3 Translocations
 + Level 1.3 Transmutations
 + Level 1.3 Fire Magic
 + Level 1.3 Ice Magic
 + Level 1.3 Air Magic
 + Level 1.3 Earth Magic
 + Level 1.3 Poison Magic
 + Level 1.9 Invocations
 + Level 1.7 Evocations


You had 5 spell levels left.
You knew the following spells:

 Your Spells              Type           Power      Damage    Failure   Level
a - Pain                  Necr           100%       1d9       1%          1
b - Vampiric Draining     Necr           18%        2d8       1%          3
c - Apportation           Tloc           22%        N/A       5%          1
d - Animate Dead          Necr           18%        N/A       4%          4

Your spell library contained the following spells:

 Spells                   Type           Power      Damage    Failure   Level
 Animate Skeleton         Necr           74%        N/A       1%          1
 Corona                   Hex            12%        N/A       5%          1
 Summon Small Mammal      Summ           44%        N/A       5%          1
 Agony                    Necr           37%        N/A       14%         5


Dungeon Overview and Level Annotations

Branches:
Dungeon (3/15)

Altars:
Dithmenos

Annotations:
D:3 Ijyb


Innate Abilities, Weirdness & Mutations

You have very sharp teeth.
Your uncanny sense of smell can sniff out nearby items.
Your experience applies equally to all skills.


Message History

Your Poison Magic skill increases to level 1!
You have reached level 5!
Things that are here:
a +0 scythe; a +0 robe You are too confused!
You start resting.
You feel less confused.
Magic restored.
A leopard gecko comes into view.
The leopard gecko hisses angrily.
The leopard gecko writhes in agony.
The leopard gecko hisses menacingly.
A frilled lizard comes into view.
The leopard gecko writhes in agony.
You kill the leopard gecko!
The frilled lizard writhes in agony.
You kill the frilled lizard!
No target in view!
A giant cockroach comes into view.
You see here a leopard gecko corpse.
The giant cockroach barely resists.
The giant cockroach writhes in agony.
You kill the giant cockroach!
HP restored.
Ijyb the Twisted Goblin comes into view.
She is wielding a +0 dagger and carrying a wand of acid (8).
Ijyb shouts!
Ijyb writhes in agony.
Ijyb writhes in agony.
Ijyb zaps a wand.
The bolt of acid misses you.
Ijyb barely resists.
Ijyb writhes in agony.
Ijyb writhes in agony.
Ijyb misses you.
Ijyb writhes in agony.
Ijyb zaps a wand.
The bolt of acid hits you!!
Ouch! That really hurt!
You are splashed with acid!
* * * LOW HITPOINT WARNING * * *
Okay, then.
It was a potion of flight.
You feel very buoyant.
You fly up into the air.
Ijyb zaps a wand.
The bolt of acid hits you!
You die...

∆ ### #.######.. #
###........#..#
######.....####.....
###.)..†.†....@g......
#...<##..###.######..#
####..........#
#..#######... ##..
##.. #### ##. ∆ ∆


You could see Ijyb.

Vanquished Creatures
  Sigmund (D:3)
  A worm (D:2)
  3 dart slugs
  A leopard gecko (D:3)
  3 giant cockroaches
  8 goblins
  4 hobgoblins (D:1)
  4 jackals (D:2)
  2 quokkas (D:2)
  3 ball pythons
  4 bats
  5 frilled lizards
  7 kobolds
  7 rats
53 creatures vanquished.

Notes
Turn   | Place    | Note
-------+----------+-------------------------------------------
     0 | D:1      | spiderkeys the Gnoll Necromancer began the quest for the
                  | Orb.
     0 | D:1      | Reached XP level 1. HP: 13/13 MP: 6/6
   399 | D:1      | Reached XP level 2. HP: 18/19 MP: 5/7
   914 | D:1      | Reached XP level 3. HP: 15/25 MP: 3/9
   915 | D:1      | Reached skill level 5 in Spellcasting
  1502 | D:2      | Found a shadowy altar of Dithmenos.
  1530 | D:2      | Reached skill level 1 in Invocations
  2369 | D:2      | Reached skill level 1 in Fighting
  2369 | D:2      | Reached skill level 1 in Short Blades
  2369 | D:2      | Reached skill level 1 in Long Blades
  2369 | D:2      | Reached skill level 1 in Axes
  2369 | D:2      | Reached skill level 1 in Maces & Flails
  2369 | D:2      | Reached skill level 1 in Polearms
  2369 | D:2      | Reached skill level 1 in Staves
  2369 | D:2      | Reached skill level 1 in Slings
  2369 | D:2      | Reached skill level 1 in Bows
  2369 | D:2      | Reached skill level 1 in Crossbows
  2369 | D:2      | Reached skill level 1 in Throwing
  2369 | D:2      | Reached skill level 1 in Armour
  2369 | D:2      | Reached skill level 1 in Shields
  2369 | D:2      | Reached skill level 1 in Unarmed Combat
  2369 | D:2      | Reached skill level 1 in Evocations
  2464 | D:2      | Learned a level 3 spell: Vampiric Draining
  2466 | D:2      | Learned a level 1 spell: Apportation
  2484 | D:2      | Reached XP level 4. HP: 28/32 MP: 6/11
  2581 | D:2      | Learned a level 4 spell: Animate Dead
  2596 | D:3      | Noticed Sigmund
  2604 | D:3      | Killed Sigmund
  2605 | D:3      | Reached skill level 1 in Conjurations
  2605 | D:3      | Reached skill level 1 in Hexes
  2605 | D:3      | Reached skill level 1 in Summonings
  2605 | D:3      | Reached skill level 1 in Translocations
  2605 | D:3      | Reached skill level 1 in Transmutations
  2605 | D:3      | Reached skill level 1 in Fire Magic
  2605 | D:3      | Reached skill level 1 in Ice Magic
  2605 | D:3      | Reached skill level 1 in Air Magic
  2605 | D:3      | Reached skill level 1 in Earth Magic
  2605 | D:3      | Reached skill level 1 in Poison Magic
  2605 | D:3      | Reached XP level 5. HP: 23/38 MP: 7/12
  2769 | D:3      | Noticed Ijyb
  2778 | D:3      | Killed from afar by Ijyb

Illustrated notes

Levels and vault maps discovered:
D:1:      dpeg_arrival_morbid_curiosity, layout_basic
D:2:      layout_basic, serial_glass, glass_columns_a, glass_columns_c,
          glass_columns_b, nicolae_dithmenos_shadow_blocks
D:3:      layout_rooms, lemuel_round_altar, uniq_sigmund, uniq_ijyb

Skill      XL: |  1  2  3  4 |
---------------+-------------+-----
Spellcasting   | 5 |  5.2
Invocations    | 1 |  1.9
Fighting       | 1 |  1.7
Short Blades   | 1 |  1.7
Long Blades    | 1 |  1.7
Axes           | 1 |  1.7
Maces & Flails | 1 |  1.7
Polearms       | 1 |  1.7
Staves         | 1 |  1.7
Slings         | 1 |  1.7
Bows           | 1 |  1.7
Crossbows      | 1 |  1.7
Throwing       | 1 |  1.7
Armour         | 1 |  1.7
Shields        | 1 |  1.7
Unarmed Combat | 1 |  1.7
Evocations     | 1 |  1.7
Conjurations   | 1 |  1.3
Hexes          | 1 |  1.3
Summonings     | 1 |  1.3
Translocations | 1 |  1.3
Transmutations | 1 |  1.3
Fire Magic     | 1 |  1.3
Ice Magic      | 1 |  1.3
Air Magic      | 1 |  1.3
Earth Magic    | 1 |  1.3
Poison Magic   | 1 |  1.3
Dodging        | |  4.9
Stealth        | |  4.5
Necromancy     | |  7.2

Action                   |  1- 3 |  4- 6 || total
-------------------------+-------+-------++-------
Melee: Dagger            |     5 |     2 ||     7
 Cast: Pain              |    79 |    17 ||    96
  Use: Potion            |       |     1 ||     1
 Stab: Sleeping          |       |     1 ||     1
Armor: Robe              |     5 |       ||     5
Dodge: Dodged            |    19 |     5 ||    24

Table legend: (Time is in decaauts)
 A = Elapsed time spent in this place.
 B = Non-inter-level travel time spent in this place.
 C = Inter-level travel time spent in this place.
 D = Time resting spent in this place.
 E = Time spent auto-exploring this place.
 F = Levels seen in this place.
 G = Mean time per level.
                   A        B        C        D        E       F      G
               +--------+--------+--------+--------+--------+-----+--------+
         Total |   2775 |   2727 |     48 |      3 |   2477 |   3 |  925.0 |
       Dungeon |   2775 |   2727 |     48 |      3 |   2477 |   3 |  925.0 |
               +--------+--------+--------+--------+--------+-----+--------+

Top non-repeatable levels by time:
     D:1: 1311 daAuts
     D:2: 1282 daAuts
     D:3: 181 daAuts
